 Dungeon Crawl Stone Soup version 0.17.2-1-ge4368a0 (webtiles) character file.

3224 Alipheese the Cleaver (level 9, -4/86 HPs)
             Began as a Naga Fighter on May 25, 2019.
             Killed by divine providence
             ... invoked by an orc priest
              (13 damage)
             ... on level 8 of the Dungeon.
             The game lasted 00:11:55 (8794 turns).

Alipheese the Cleaver (Naga Fighter)                Turns: 8794, Time: 00:11:56

Health: -4/86      AC: 13    Str: 18    XL:     9   Next: 98%
Magic:  9/9        EV:  5    Int: 12    God:
Gold:   194        SH:  0    Dex: 11    Spells: 0 memorised, 8 levels left

rFire  . . .     SeeInvis +     M - +1 battleaxe (holy)
rCold  . . .     Clarity  +     k - +0 chain mail
rNeg   . . .     SustAt   .     (shield currently unavailable)
rPois  +         Gourm    .     (no helmet)
rElec  .         Spirit   .     d - +1 cloak
rCorr  .         Warding  .     (no gloves)
rMut   .         Stasis   .     (no barding)
MR     ++...                    F - amulet of clarity {Clar}
Stlth  ..........               i - ring of protection from magic {MR+}
                                f - +3 ring of protection

@: very slightly contaminated, very slow, very resistant to hostile
enchantments, extremely unstealthy
A: see invisible, deformed body, poison resistance, slowness 2, slow metabolism
1, spit poison 2, AC +3
a: Spit Poison


You were on level 8 of the Dungeon.
You were hungry.

You visited 2 branches of the dungeon, and saw 9 of its levels.

You collected 415 gold pieces.
You spent 221 gold pieces at shops.


Innate Abilities, Weirdness & Mutations

You cannot wear boots.
Your serpentine skin is tough (AC +3).
You have supernaturally acute eyesight.
Armour fits poorly on your strangely shaped body.
Your system is resistant to poisons.
You cover ground very slowly.
You have a slow metabolism.
You can spit poison.

Inventory:

Hand Weapons
 a - a +0 war axe
 w - a +2 hand axe of chopping
 C - a +2 hand axe of venom
 M - a +1 battleaxe of holy wrath (weapon)
Armour
 c - a +0 shield
 d - a +1 cloak (worn)
 k - a +0 chain mail (worn)
Jewellery
 f - a +3 ring of protection (left hand)
 i - a ring of protection from magic (right hand) {MR+}
 t - a +2 ring of evasion
 F - an amulet of clarity (around neck) {Clar}
Wands
 x - a wand of hasting (0)
 G - a wand of magic darts (34)
 H - a wand of invisibility (2) {!V}
 I - a wand of paralysis (14)
Scrolls
 m - 5 scrolls of immolation
 o - 4 scrolls of remove curse
 p - 2 scrolls of enchant armour {unknown}
 q - a scroll of teleportation
 u - 2 scrolls of enchant weapon {unknown}
 y - a scroll of amnesia
 A - a scroll of noise {unknown}
 J - a scroll of random uselessness {unknown}
 L - a scroll of magic mapping
 N - a scroll of acquirement {unknown}
Potions
 b - a potion of magic {!q, unknown}
 e - 4 potions of curing {!q}
 h - 2 potions of lignification {!q, unknown}
 l - a potion of ambrosia {!q, unknown}
 n - 4 potions of poison {!q, unknown}
 v - 2 potions of degeneration {!q, unknown}
 z - a potion of haste {!q, unknown}
 B - 2 potions of heal wounds {!q, unknown}
Books
 K - a book of Enchantments

   Spells                             Type                      Level
   a - Cause Fear                     Hexes                        4
   b - Silence                        Hexes/Air                    5
   c - Deflect Missiles               Charms/Air                   6
   d - Haste                          Charms                       6
   e - Discord                        Hexes                        8
Comestibles
 g - 6 meat rations {!e}
 j - 8 slices of pizza {!e}
 r - 7 bread rations {!e}
 s - 3 fruits {!e}
 E - 3 beef jerkies {!e}


You had 8 spell levels left.
You didn't know any spells.


   Skills:
 + Level 7.3 Fighting
 * Level 11.3 Axes
 * Level 4.1 Armour
 - Level 2.4 Shields

Dungeon Overview and Level Annotations

Branches:
Dungeon (8/15)             Temple (1/1) D:5
   Lair: D:8-11

Altars:
Ashenzari
Cheibriados
Dithmenos
Elyvilon
Fedhas
Gozag
Kikubaaqudgha
Makhleb
Nemelex Xobeh
Okawaru
Qazlal
Ru
Sif Muna
Trog
Vehumet
Xom
Yredelemnul
Zin
The Shining One

Shops:
D:6 %:!?

Annotations:
D:7 Alipheese's ghost, novice NaFi

Vault maps used:
D:1:      matt_arrival_diagonals
D:2:      kennysheep_generic_room_7
D:3:      ecumenical_altar_2, uniq_iyjb
D:4:      grunt_temple_overflow_open, overflow_temple_1_default,
          hangedman_abyss_or_decor_slice, grunt_decor_cap,
          small_statue_intersection
D:5:      minmay_temple_entry_nine_rooms, first_bread, minmay_misc_feat_chi,
          uniq_crazy_yiuf_cottage
D:6:      serial_shops, nicolae_shop_stone,
          nicolae_shop_competitors_out_of_business, shop, nicolae_shop_stone,
          minmay_bad_closet, serial_bayou_lagoon_a, uniq_blork_the_orc
D:7:      serial_glass, glass_columns_b, glass_columns_a, glass_columns_a,
          glass_columns_a, grunt_livestock, trog_ov_bears_minmay
Temple:   temple_eino_lava_12
You       could see an orc priest.


Message History

The orc warrior is heavily wounded.
The orc warrior hits you with a dire flail!!
You hear a shout!
You lost 20 HP.
You have now: 30/86 HP.
You closely miss the orc warrior.
The orc warrior is heavily wounded.
You hear a shout!
The orc warrior hits you with a dire flail!
You lost 10 HP.
You have now: 20/86 HP.
You hit the orc warrior.
The orc warrior is heavily wounded.
The orc warrior hits you but does no damage.
Unknown command.
The orc warrior throws a steel tomahawk.
The steel tomahawk hits you!
* * * LOW HITPOINT WARNING * * *
You see here a steel tomahawk.
You lost 16 HP.
You have now: 4/86 HP.
Unknown command.
Drink which item? (? for menu, Esc to quit)
Really quaff
e - 5 potions of curing {!q}?
You feel better.
The orc priest calls upon Beogh to heal the orc warrior.
The orc warrior is healed somewhat.
Restored 7 HP.
You have now: 11/86 HP.
Unknown command.
Read which item? (? for menu, Esc to quit)
Blink to where?
Press: ? - help, Dir - move target cursor You are very lightly contaminated with residual magic.
As you read the scroll of blinking, it crumbles to dust.
Read which item? (? for menu, Esc to quit)
Okay, then.
Evoke which item? (* to show all) (? for menu, Esc to quit)
Zapping:
I - a wand of paralysis (15)
Press: ? - help, Shift-Dir - straight line, f - orc warrior
Aim: an orc warrior, wielding a dire flail and wearing a chain mail (translocational energy, moderately wounded, chance to defeat MR: 46%) Nothing appears to happen.
This wand has 14 charges left.
The orc warrior throws a steel tomahawk.
The steel tomahawk hits you.
* * * LOW HITPOINT WARNING * * *
You lost 3 HP.
You have now: 8/86 HP.
Unknown command.
Read which item? (? for menu, Esc to quit)
As you read the scroll of teleportation, it crumbles to dust.
You feel strangely unstable.
Your surroundings suddenly seem different.
The orc priest mumbles some strange prayers to Beogh against you.
Something smites you!
You die...

Action                   |  1- 3 |  4- 6 |  7- 9 || total
-------------------------+-------+-------+-------++-------
Melee: War axe           |   111 |    27 |       ||   138
       Hand axe          |       |   118 |   370 ||   488
       Battleaxe         |       |       |    52 ||    52
 Abil: Spit Poison       |     3 |     9 |    17 ||    29
Evoke: Wand              |       |     1 |     1 ||     2
  Use: Scroll            |     2 |     2 |    12 ||    16
       Potion            |       |     2 |     4 ||     6
  Eat: Chunk             |     2 |     4 |    11 ||    17
       Fruit             |       |       |     5 ||     5

Notes
Turn   | Place    | Note
--------------------------------------------------------------
     0 | D:1      | Alipheese the Naga Fighter began the quest for the Orb.
     0 | D:1      | Reached XP level 1. HP: 21/21 MP: 1/1
   334 | D:1      | Reached XP level 2. HP: 14/28 MP: 2/2
   554 | D:1      | Reached skill level 3 in Axes
   896 | D:2      | Reached XP level 3. HP: 23/34 MP: 3/3
  1379 | D:2      | Reached skill level 4 in Axes
  1602 | D:2      | Reached XP level 4. HP: 32/42 MP: 4/4
  2106 | D:3      | Reached skill level 5 in Axes
  2106 | D:3      | Reached XP level 5. HP: 32/49 MP: 5/5
  2261 | D:3      | Noticed Ijyb
  2289 | D:3      | Killed Ijyb
  2290 | D:3      | Found a faded altar to an unknown god.
  2737 | D:4      | Found a sacrificial altar of Ru.
  2737 | D:4      | Found a blossoming altar of Fedhas.
  2739 | D:4      | Found a bloodstained altar of Trog.
  2739 | D:4      | Found a snail-covered altar of Cheibriados.
  2741 | D:4      | Found an opulent altar of Gozag.
  2741 | D:4      | Found a white marble altar of Elyvilon.
  2769 | D:4      | Reached skill level 6 in Axes
  2769 | D:4      | Reached XP level 6. HP: 51/56 MP: 6/6
  3195 | D:4      | Noticed a deep elf mage
  3208 | D:4      | Killed a deep elf mage
  3208 | D:4      | Reached skill level 7 in Axes
  3208 | D:4      | Reached XP level 7. HP: 45/62 MP: 7/7
  3551 | D:4      | Found a glowing golden altar of the Shining One.
  3796 | D:4      | Reached skill level 4 in Fighting
  3874 | D:4      | Noticed an ogre
  3889 | D:4      | Killed an ogre
  3889 | D:4      | Reached skill level 8 in Axes
  4115 | D:5      | Entered Level 5 of the Dungeon
  4335 | D:5      | Reached XP level 8. HP: 69/73 MP: 8/8
  4474 | D:5      | Found a staircase to the Ecumenical Temple.
  4591 | D:5      | Noticed Crazy Yiuf
  4603 | D:5      | Killed Crazy Yiuf
  4754 | Temple   | Entered the Ecumenical Temple
  4934 | D:6      | Reached skill level 5 in Fighting
  4934 | D:6      | Reached skill level 9 in Axes
  5481 | D:6      | Found Otrenyib's Food Boutique.
  5495 | D:6      | Found Qeros's Book Shop.
  5549 | D:6      | Found Osasel's Magic Scroll Shop.
  5553 | D:6      | Bought a scroll of blinking for 112 gold pieces
  5553 | D:6      | Bought a scroll of immolation for 52 gold pieces
  5553 | D:6      | Bought a scroll of identify for 30 gold pieces
  5845 | D:6      | Found Qihupiu's Distillery.
  5860 | D:6      | Bought a potion of mutation for 27 gold pieces
  5881 | D:6      | Reached skill level 10 in Axes
  5882 | D:6      | Noticed Blork the orc
  5896 | D:6      | Killed Blork the orc
  5896 | D:6      | Reached XP level 9. HP: 65/82 MP: 9/9
  6048 | D:6      | Reached skill level 6 in Fighting
  6610 | D:7      | Noticed Alipheese's ghost (novice NaFi)
  6617 | D:7      | Found a bloodstained altar of Trog.
  6724 | D:7      | Reached skill level 11 in Axes
  7563 | D:8      | Reached skill level 7 in Fighting
  7563 | D:8      | Reached skill level 3 in Armour
  7819 | D:8      | HP: 4/86 [orc wizard/dagger of electrocution (16)]
  8240 | D:8      | Reached skill level 4 in Armour
  8787 | D:8      | HP: 4/86 [orc warrior/steel tomahawk (17)]
  8794 | D:8      | Killed from afar by an orc priest

Table legend:
 A = Turns spent in this place as a percentage of turns spent in the entire game.
 B = Non-inter-level travel turns spent in this place as a percentage of non-inter-level travel turns spent in the entire game.
 C = Inter-level travel turns spent in this place as a percentage of turns spent in this place.
 D = Turns resting spent in this place as a percentage of non-inter-level travel turns spent in this place.
 E = Turns spent auto-exploring this place as a percentage of non-inter-level travel turns spent in this place.
 F = Non-inter-level travel turns spent in this place divided by the number of levels of this place that you've seen.
                   A       B       C       D       E      F
               +-------+-------+-------+-------+-------+----------------------
         Total | 100.0 | 100.0 |   0.3 |   4.8 |  11.2 | 285.7
       Dungeon |  99.1 |  99.1 |   0.4 |   4.8 |  10.9 | 318.5
        Temple |   0.9 |   0.9 |   0.0 |   0.0 |  43.5 |  23.0
               +-------+-------+-------+-------+-------+----------------------

Table legend:
 A = Kills in this place as a percentage of kills in entire the game.
 B = Kills by you in this place as a percentage of kills by you in the entire game.
 C = Kills by friends in this place as a percentage of kills by friends in the entire game.
 D = Other kills in this place as a percentage of other kills in the entire game.
 E = Experience gained in this place as a percentage of experience gained in the entire game.
 F = Experience gained in this place divided by the number of levels of this place that you have seen.
                   A       B       C       D       E      F
               +-------+-------+-------+-------+-------+----------------------
         Total | 100.0 | 100.0 |  -nan |  -nan | 100.0 | 511.8
       Dungeon | 100.0 | 100.0 |  -nan |  -nan | 100.0 | 575.8
               +-------+-------+-------+-------+-------+----------------------

Vanquished Creatures
  A wyvern (D:8)
  A deep elf mage (D:4)
  A human (D:7)
  A soldier ant (D:7)
  A sky beast (D:8)
  2 black bears (D:7)
  2 orc warriors
  2 ogres
  2 ice beasts
  A centaur (D:8)
  Blork the orc (D:6)
  A big kobold (D:8)
  A giant frog (D:6)
  3 wights (D:6)
  A scorpion (D:5)
  A quasit (D:5)
  A centaur zombie (D:5)
  3 crimson imps
  2 giant frog zombies
  5 hounds
  Crazy Yiuf (D:5)
  Ijyb (D:3)
  8 orc wizards
  2 centaur skeletons
  6 giant frog skeletons
  An iguana (D:4)
  5 orc priests
  4 sheep (D:7)
  2 worker ants
  A hound skeleton (D:7)
  9 adders
  3 gnolls (D:6)
  3 adder skeletons
  3 worms
  4 giant geckos
  28 orcs
  6 bats
  6 giant cockroaches
  4 hobgoblins
  2 quokkas
  A giant gecko skeleton (D:5)
  5 giant newts
  8 goblins
  12 jackals
  2 jackal skeletons
  10 kobolds
  6 rats
176 creatures vanquished.
